 Dungeon Crawl Stone Soup version 0.18.0-1-g0107ab7 (webtiles) character file.

396 FukeLall the Cleaver (level 6, -3/51 HPs)
             Began as a Minotaur Berserker on May 5, 2016.
             Was a Believer of Trog.
             Killed by divine providence
             ... invoked by an orc priest
              (11 damage)
             ... on level 4 of the Dungeon.
             The game lasted 00:27:44 (3322 turns).

FukeLall the Cleaver (Minotaur Berserker)           Turns: 3322, Time: 00:27:45

Health: -3/51      AC:  8    Str: 24    XL:     6   Next: 52%
Magic:  5/5        EV:  8    Int:  4    God:    Trog [**....]
Gold:   94         SH:  0    Dex:  9    Spells: 0 memorised, 5 levels left

rFire  + . .     SeeInvis .     a - +0 hand axe
rCold  . . .     Gourm    .     o - +0 chain mail
rNeg   . . .     Faith    .     (no shield)
rPois  .         Spirit   .     (helmet restricted)
rElec  .         Dismiss  .     (no cloak)
rCorr  .         Reflect  .     (no gloves)
SustAt +         Harm     .     (no boots)
MR     .....                    (no amulet)
Stlth  ..........               l - ring of sustain attributes
                                g - ring of protection from fire

@: not resistant to hostile enchantments, extremely unstealthy
A: retaliatory headbutt, horns 2
a: Berserk, Trog's Hand, Burn Spellbooks, Renounce Religion


You were on level 4 of the Dungeon.
You worshipped Trog.
Trog was pleased with you.
You were not hungry.

You visited 1 branch of the dungeon, and saw 3 of its levels.

You collected 94 gold pieces.

Inventory:

Hand Weapons
 a - a +0 hand axe (weapon)
 d - a +0 hunting sling
 w - a +0 war axe
Missiles
 e - 83 arrows
 m - 8 curare-tipped needles (quivered)
Armour
 o - a +0 chain mail (worn)
 t - a +0 scale mail
 A - a +2 buckler
Jewellery
 g - a ring of protection from fire (left hand)
 l - a ring of sustain attributes (right hand)
Scrolls
 i - 2 scrolls of remove curse
 j - a scroll of blinking {unknown}
 k - a scroll of teleportation {unknown}
 n - 2 scrolls of noise
 r - a scroll of recharging {unknown}
 y - a scroll of fog {unknown}
 z - a scroll of random uselessness {unknown}
Potions
 p - 2 potions of curing {unknown}
 q - a potion of brilliance {unknown}
 s - a potion of lignification {unknown}
 u - a potion of magic {unknown}
 v - a potion of flight {unknown}
Miscellaneous
 x - a plain deck of changes
Comestibles
 b - a chunk of flesh
 c - 3 bread rations
 f - 3 fruits
 h - 2 meat rations
 B - a slice of pizza


   Skills:
 - Level 3.6 Fighting
 + Level 8.9 Axes
 - Level 2.5 Armour
 - Level 2.1 Dodging


You had 5 spell levels left.
You didn't know any spells.

Dungeon Overview and Level Annotations

Branches:
Dungeon (2/15)

Altars:
Ashenzari
Nemelex Xobeh


Innate Abilities, Weirdness & Mutations

You reflexively headbutt those who attack you in melee.
You have a pair of horns on your head.


Message History

The orc priest looks braver for a moment.
You hit the orc wizard.
The orc wizard is severely wounded.
The orc priest calls upon Beogh to heal the orc priest.
The orc priest's wounds heal themselves!
The orc wizard hits you but does no damage.
You hit the orc wizard.
You kill the orc wizard!
Trog accepts your kill.
Trog appreciates your killing of a magic user.
The orc priest mumbles some strange prayers to Beogh against you.
Pain shoots through your body!
* * * LOW HITPOINT WARNING * * *
The orc throws a tomahawk.
The tomahawk hits you but does no damage.
The orc priest barely misses you. You furiously retaliate!
You headbutt the orc priest!
The orc priest mumbles some strange prayers to Beogh against you.
Beogh smites you!
You die...

..............#....o....##.#
####.###########.#########.#
#.# #o........#.#
.#.#.###########.#######.#.#
.#.#.#........##o#.....#.#.#
.#.#.#.######.##.#.###.#.#.#
.#.#.#.# #.##o#.#.#.#.#.#
...#.#.# #.##.#.#.#.#.#.#
...#.#.# #.##@#...#.#.#.#
...#.#.# #.##.#.....#.#.#
.....#.# #.##.#.#####.#.#
.......# #.##.#.......#.#
#############.##.#....####.#
............#.##.'....'....#
#############.####....######
#.# #....# #.# #....#


You could see 2 orc priests and an orc.

Vanquished Creatures
  The ghost of jerkstore the Gusty, an amateur TeAE of Kikubaaqudgha (D:4)
  A phantom (D:4)
  An orc wizard (D:4)
  A giant frog skeleton (D:4)
  A worker ant (D:4)
  2 adders (D:4)
  3 worms
  A dart slug (D:1)
  An orc (D:4)
  4 giant cockroaches
  8 goblins
  9 hobgoblins
  2 bats
  4 giant newts
  8 kobolds
  6 rats (D:1)
53 creatures vanquished.

Notes
Turn   | Place    | Note
--------------------------------------------------------------
     0 | D:1      | FukeLall the Minotaur Berserker began the quest for the Orb.
     0 | D:1      | Reached XP level 1. HP: 19/19 MP: 0/0
   102 | D:1      | Reached skill level 4 in Axes
   108 | D:1      | Reached XP level 2. HP: 19/26 MP: 1/1
   995 | D:1      | Reached ** piety under Trog
  1014 | D:1      | Reached skill level 5 in Axes
  1031 | D:1      | Reached XP level 3. HP: 21/31 MP: 2/2
  1818 | D:2      | Found a sparkling altar of Nemelex Xobeh.
  1839 | D:2      | You fall through a shaft for 2 floors!
  1875 | D:4      | Noticed jerkstore's ghost (amateur TeAE)
  1888 | D:4      | Killed jerkstore's ghost
  1888 | D:4      | Reached skill level 7 in Axes
  1888 | D:4      | Reached XP level 4. HP: 10/39 MP: 3/3
  1888 | D:4      | Reached XP level 5. HP: 11/45 MP: 4/4
  2119 | D:4      | Found a shattered altar of Ashenzari.
  2142 | D:4      | Noticed a phantom
  2199 | D:4      | Killed a phantom
  2199 | D:4      | Reached skill level 8 in Axes
  2199 | D:4      | Reached XP level 6. HP: 43/51 MP: 5/5
  3322 | D:4      | Killed from afar by an orc priest

Skill      XL: |  1  2  3  4  5 |
---------------+----------------+-----
Axes           | 4 5 7 8 |  8.9
Fighting       | |  3.6
Armour         | |  2.5
Dodging        | |  2.1

Action                   |  1- 3 |  4- 6 || total
-------------------------+-------+-------++-------
Melee: Hand axe          |    75 |    28 ||   103
       Headbutt          |    11 |     9 ||    20
       War axe           |    15 |    23 ||    38
  Use: Scroll            |     2 |       ||     2
  Eat: Chunk             |     1 |     1 ||     2
       Beef jerky        |     1 |       ||     1
       Bread ration      |       |     1 ||     1
Armor: Animal skin       |     5 |       ||     5
       Chain mail        |    23 |    25 ||    48
Dodge: Dodged            |    64 |    18 ||    82
